 Dungeon Crawl Stone Soup version 0.29.0-4-gdea44cf6ec (webtiles) character file.

Game seed: 13376665111183901182

1335 qw the Cleaver (level 8, -14/48 HPs)
             Began as a Tengu Warper on Aug 28, 2022.
             Was an Initiate of Okawaru.
             Killed from afar by an acid dragon (22 damage)
             ... with a splash of acid
             ... on level 7 of the Dungeon.
             The game lasted 00:00:38 (6861 turns).

qw the Cleaver (Tengu Warper)                       Turns: 6861, Time: 00:00:38

Health: -14/48     AC:  6    Str: 19      XL:     8   Next: 61%
Magic:  12/12      EV:  9    Int: 14      God:    Okawaru [......]
Gold:   521        SH:  0    Dex: 12 (14) Spells: 11/11 levels left

rFire   + . .      SeeInvis .   o - +1 war axe (elec)
rCold   . . .      Faith    .   (no shield)
rNeg    . . .      Spirit   .   d - +0 chain mail {rF+}
rPois   .          Reflect  .   (helmet restricted)
rElec   .          Harm     .   (no cloak)
rCorr   .          Rampage  .   k - +0 pair of gloves
Will    .....                   (boots unavailable)
Stlth   ..........              (no amulet)
HPRegen 0.16/turn               p - +6 ring of strength
MPRegen 0.13/turn               (no ring)

@: about to teleport, corroded, flying quickly and evasively, quick
A: beak, talons 3, nimble flight
a: Renounce Religion


You were on level 7 of the Dungeon.
You worshipped Okawaru.
Okawaru was noncommittal.
You visited 2 branches of the dungeon, and saw 8 of its levels.

You collected 521 gold pieces.


Innate Abilities, Weirdness & Mutations

You have a beak for a mouth.
You have claws for feet.
Your magical nature lets you fly swiftly and evasively.


   Skills:
 - Level 4.3 Fighting
 - Level 10.0 Axes
 - Level 1.0 Throwing
 - Level 3.0 Armour
 + Level 2.8 Dodging
 - Level 2.0 Spellcasting
 - Level 2.4 Translocations


You had 11 spell levels left.
You didn't know any spells.
Your spell library contained the following spells:

 Spells                   Type           Power      Damage    Failure   Level
 Blink                    Tloc           16%        N/A       85%         2
 Gell's Gravitas          Tloc           8%         N/A       97%         3
 Lesser Beckoning         Tloc           8%         N/A       97%         3
 Teleport Other           Tloc           8%         N/A       97%         3
 Manifold Assault         Tloc           8%         N/A       100%        5

Inventory:

Hand Weapons
 l - a +0 flail
 o - a +1 war axe of electrocution (weapon)
Armour
 b - an orb of energy
 d - a +0 chain mail of fire resistance (worn)
 k - a +0 pair of gloves (worn)
Jewellery
 p - a +6 ring of strength (left hand)
Scrolls
 a - 4 scrolls of identify
 h - a scroll of magic mapping {unknown}
Potions
 c - a potion of resistance
 e - a potion of heal wounds
 f - a potion of curing {unknown}
 i - a potion of brilliance {unknown}
 m - a potion of ambrosia {unknown}
 r - a potion of mutation {unknown}
 s - a potion of might

Dungeon Overview and Level Annotations

Branches:
Dungeon (7/15)             Temple (1/1) D:6

Altars:
Ashenzari
Dithmenos
Elyvilon
Fedhas
Gozag
Hepliaklqana
Kikubaaqudgha
Makhleb
Nemelex Xobeh
Okawaru
Qazlal
Ru
Sif Muna
Trog
Uskayaw
Vehumet
Wu Jian
Xom
Yredelemnul
Zin
The Shining One

Shops:
D:5 (

Portals:
Abyss: D:7

Annotations:
D:7 1 transporter, qw's ghost, novice TeWr


Message History

You slash the gnoll bouda!
Lightning courses through the gnoll bouda!!
You kill the gnoll bouda!
Okawaru accepts your kill.
You hit the gnoll but do no damage. The gnoll hits you but does no damage.
You closely miss the gnoll. You slash the gnoll!
Lightning courses through the gnoll!
You kill the gnoll!
Okawaru accepts your kill. The gnoll barely misses you.
You slash the gnoll!
You kill the gnoll!
Okawaru accepts your kill.
An acid dragon comes into view.
The acid dragon moves out of view.
The acid dragon spits acid at you. The splash of acid misses you.
6854 ||| Stepping ~*~*~tactically~*~*~ (hiding).
You start waiting.
An acid dragon is nearby!
You slash the acid dragon! Your kick misses the acid dragon.
You peck the acid dragon, but do no damage.
The acid dragon is moderately wounded.
The acid dragon spits acid at you. The splash of acid hits you!
The acid corrodes you!
You hit the acid dragon. Your peck misses the acid dragon.
The acid dragon is heavily wounded.
A white imp comes into view.
The acid dragon bites you! The acid dragon claws you.
You closely miss the acid dragon.
The acid dragon is heavily wounded.
The acid dragon bites you!
The acid dragon claws you but does no damage.
6861 ||| READING scroll of teleportation.
As you read the scroll of teleportation, it crumbles to dust.
You feel strangely unstable. The acid dragon spits acid at you.
The splash of acid hits you!!
You die...

### # ... .####
##.###..... #.
##......... #>##
#.#......
#.#.###...D#
#....###.@#
##.....#...#
##..........##
#....))......##
##.......#....##
##.....##....^#
#....###...###.
#.<..# #..##
###.#
#....###.)#..
##...


You could see an acid dragon (catching breath).

Vanquished Creatures
  An ice beast (D:7)
  An ogre (D:4)
  A phantom (D:6)
  A centaur (D:7)
  A kobold brigand (D:6)
  2 necrophages
  3 scorpions
  An orc priest (D:7)
  4 hounds
  A jelly (D:5)
  A gnoll bouda (D:7)
  4 iguanas
  4 orc wizards
  3 gnolls (D:7)
  7 adders
  2 white imps (D:7)
  An ufetubus (D:5)
  A worm (D:2)
  4 dart slugs
  14 orcs
  8 endoplasms
  4 goblins
  12 hobgoblins
  4 jackals (D:2)
  5 quokkas
  4 ball pythons
  4 bats (D:1)
  6 frilled lizards
  6 kobolds
  10 rats
120 creatures vanquished.

Vanquished Creatures (others)
  A plant (D:1)
1 creature vanquished.

Grand Total: 121 creatures vanquished

Notes
Turn   | Place    | Note
-------+----------+-------------------------------------------
     0 | D:1      | qw the Tengu Warper began the quest for the Orb.
     0 | D:1      | Reached XP level 1. HP: 12/12 MP: 4/4
     0 | D:1      | 0 ||| qw: Version: 0.1-a-89-g26bdef1
     0 | D:1      | 0 ||| qw: Game counter: 180
     0 | D:1      | 0 ||| qw: Always use a shield: true
     0 | D:1      | 0 ||| qw: God list: Okawaru
     0 | D:1      | 0 ||| qw: Allow faded altars: false
     0 | D:1      | 0 ||| qw: Do Orc after D:15 true
     0 | D:1      | 0 ||| qw: Do second Lair branch before Depths: true
     0 | D:1      | 0 ||| qw: Lair rune preference: random
     0 | D:1      | 0 ||| qw: Plans: Normal
     0 | D:1      | 0 ||| PLANNING D:1-11
    34 | D:1      | HP: 3/12 [frilled lizard (3)]
   264 | D:1      | 264 ||| Stepping ~*~*~tactically~*~*~ (hiding).
   411 | D:1      | Reached XP level 2. HP: 17/17 MP: 6/6
   422 | D:1      | Reached skill level 3 in Axes
   779 | D:1      | Found a faded altar of an unknown god.
   857 | D:1      | 857 ||| Stepping ~*~*~tactically~*~*~ (stealth).
   860 | D:1      | 860 ||| Stepping ~*~*~tactically~*~*~ (stealth).
   864 | D:1      | Reached XP level 3. HP: 14/21 MP: 7/7
  1259 | D:1      | 1259 ||| UPGRADING to +0 pair of gloves.
  1264 | D:1      | 1264 ||| DROPPING +0 robe of willpower.
  1265 | D:1      | 1265 ||| READING scroll labelled QULAOFU XEKHLADIL.
  1270 | D:1      | 1270 ||| READING 2 scrolls labelled DUCSYUV XINU.
  1271 | D:1      | 1271 ||| READING scroll labelled FUEBA HISMUCAT.
  1272 | D:1      | 1272 ||| DROPPING scroll of blinking.
  1273 | D:1      | 1273 ||| DROPPING scroll of summoning.
  1365 | D:2      | Reached skill level 4 in Axes
  2097 | D:2      | 2097 ||| UPGRADING to amulet of guardian spirit.
  2102 | D:2      | 2102 ||| READING 2 scrolls labelled CELOKA CIAST.
  2144 | D:3      | 2144 ||| STAIRDANCE
  2157 | D:3      | 2157 ||| STAIRDANCE
  2196 | D:2      | 2196 ||| DROPPING +0 whip.
  2197 | D:2      | 2197 ||| UPGRADING to +0 chain mail.
  2207 | D:2      | 2207 ||| DROPPING +0 leather armour.
  2213 | D:3      | Reached XP level 4. HP: 22/26 MP: 5/8
  2213 | D:3      | 2213 ||| STAIRDANCE
  2275 | D:3      | 2275 ||| FLEEEEING.
  2276 | D:3      | 2276 ||| FLEEEEING.
  2277 | D:3      | 2277 ||| FLEEEEING.
  2278 | D:3      | 2278 ||| STAIRDANCE
  2536 | D:3      | Reached skill level 5 in Axes
  2809 | D:3      | 2809 ||| DROPPING orb of light.
  2810 | D:3      | 2810 ||| UPGRADING to +6 ring of strength.
  2811 | D:3      | 2811 ||| READING scroll labelled BIR YGOTEORE.
  2812 | D:3      | 2812 ||| READING scroll labelled WEUTIXODUNG.
  2813 | D:3      | 2813 ||| DRINKING 2 purple potions.
  2814 | D:3      | 2814 ||| DRINKING 2 black potions.
  2815 | D:3      | 2815 ||| DROPPING potion of flight.
  2885 | D:4      | Noticed a scorpion
  2892 | D:4      | Killed a scorpion
  2893 | D:4      | Reached skill level 6 in Axes
  2893 | D:4      | Gained mutation: Your magical nature lets you fly swiftly
                  | and evasively. [Tengu growth]
  2893 | D:4      | Reached XP level 5. HP: 30/30 MP: 9/9
  2921 | D:4      | Reached skill level 3 in Armour
  2921 | D:4      | Reached XP level 6. HP: 30/35 MP: 8/10
  3068 | D:4      | 3068 ||| Stepping ~*~*~tactically~*~*~ (stealth).
  3069 | D:4      | 3069 ||| Stepping ~*~*~tactically~*~*~ (stealth).
  3533 | D:4      | 3533 ||| READING scroll of brand weapon.
  3533 | D:4      | 3533 ||| BRANDING +1 hand axe of venom.
  3568 | D:4      | 3568 ||| Stepping ~*~*~tactically~*~*~ (stealth).
  3569 | D:4      | 3569 ||| Stepping ~*~*~tactically~*~*~ (stealth).
  3798 | D:4      | 3798 ||| Stepping ~*~*~tactically~*~*~ (hiding).
  4004 | D:4      | Reached skill level 7 in Axes
  4111 | D:4      | Found a faded altar of an unknown god.
  4111 | D:4      | Found a blossoming altar of Fedhas.
  4125 | D:4      | Found a bloodstained altar of Trog.
  4127 | D:4      | Found a basalt altar of Yredelemnul.
  4134 | D:4      | Found a faded altar of an unknown god.
  4228 | D:4      | Reached XP level 7. HP: 40/40 MP: 11/11
  4236 | D:4      | 4236 ||| READING scroll labelled RONUSU XIAV.
  4237 | D:4      | 4237 ||| READING scroll labelled GEANILAXTI.
  4238 | D:4      | 4238 ||| READING 2 scrolls of identify.
  4238 | D:4      | 4238 ||| IDENTIFYING smoky coppery potion
  4239 | D:4      | 4239 ||| READING 2 scrolls of teleportation.
  4258 | D:5      | Entered Level 5 of the Dungeon
  4437 | D:5      | Found Gaxy's Antique Weapon Boutique.
  4459 | D:5      | Reached skill level 3 in Fighting
  4468 | D:5      | 4468 ||| READING scroll of enchant weapon.
  4468 | D:5      | 4468 ||| ENCHANTING +1 vampiric hand axe.
  4739 | D:5      | 4739 ||| Stepping ~*~*~tactically~*~*~ (stealth).
  4741 | D:5      | 4741 ||| Stepping ~*~*~tactically~*~*~ (hiding).
  4753 | D:5      | Reached skill level 8 in Axes
  4976 | D:5      | 4976 ||| Stepping ~*~*~tactically~*~*~ (stealth).
  5110 | D:5      | 5110 ||| Stepping ~*~*~tactically~*~*~ (stealth).
  5112 | D:5      | 5112 ||| Stepping ~*~*~tactically~*~*~ (stealth).
  5275 | D:5      | Reached skill level 9 in Axes
  5275 | D:5      | Reached XP level 8. HP: 46/46 MP: 12/12
  5522 | D:5      | 5522 ||| DROPPING amulet of magic regeneration.
  5523 | D:5      | 5523 ||| READING scroll labelled HANAHIVOIPH.
  5524 | D:5      | 5524 ||| READING scroll labelled CACHOL LOGESH.
  5525 | D:5      | 5525 ||| READING scroll labelled OTOOMN ESAU.
  5526 | D:5      | 5526 ||| READING 2 scrolls labelled KUON VOZOO.
  5527 | D:5      | 5527 ||| DRINKING 2 murky white potions.
  5528 | D:5      | 5528 ||| READING 2 scrolls of identify.
  5528 | D:5      | 5528 ||| IDENTIFYING sedimented dark potion
  5529 | D:5      | 5529 ||| DROPPING potion of invisibility.
  5530 | D:5      | 5530 ||| DROPPING potion of attraction.
  5531 | D:5      | 5531 ||| DROPPING scroll of fog.
  5712 | D:6      | HP: 11/48 [poisoned by a kobold brigand (curare-tipped
                  | dart)]
  5713 | D:6      | 5713 ||| READING 2 scrolls of teleportation.
  5714 | D:6      | 5714 ||| DRINKING potion of heal wounds.
  5904 | D:6      | Found a shadowy altar of Dithmenos.
  6047 | D:6      | 6047 ||| SWAPPING to +1 war axe of electrocution.
  6048 | D:6      | 6048 ||| DROPPING +2 vampiric hand axe.
  6085 | D:6      | Found a staircase to the Ecumenical Temple.
  6086 | D:6      | 6086 ||| PLANNING TEMPLE
  6086 | D:6      | 6086 ||| UPGRADING to +0 chain mail of fire resistance.
  6096 | D:6      | 6096 ||| DROPPING +0 chain mail.
  6097 | D:6      | 6097 ||| DRINKING 2 murky pink potions.
  6098 | D:6      | 6098 ||| READING 2 scrolls of identify.
  6098 | D:6      | 6098 ||| IDENTIFYING bubbling green potion
  6099 | D:6      | 6099 ||| DROPPING potion of degeneration.
  6108 | Temple   | Entered the Ecumenical Temple
  6141 | Temple   | Became a worshipper of Warmaster Okawaru
  6142 | Temple   | 6142 ||| REMOVING amulet of guardian spirit.
  6233 | Temple   | 6233 ||| PLANNING D:1-11
  6233 | Temple   | 6233 ||| DROPPING amulet of guardian spirit.
  6567 | D:7      | 6567 ||| Stepping ~*~*~tactically~*~*~ (hiding).
  6600 | D:7      | 6600 ||| Stepping ~*~*~tactically~*~*~ (hiding).
  6610 | D:7      | 6610 ||| Stepping ~*~*~tactically~*~*~ (stealth).
  6611 | D:7      | 6611 ||| Stepping ~*~*~tactically~*~*~ (stealth).
  6788 | D:7      | Reached skill level 10 in Axes
  6800 | D:7      | Found a one-way gate to the infinite horrors of the Abyss.
  6800 | D:7      | Noticed qw's ghost (novice TeWr)
  6833 | D:7      | Found a transporter.
  6854 | D:7      | 6854 ||| Stepping ~*~*~tactically~*~*~ (hiding).
  6860 | D:7      | HP: 8/48 [acid dragon (10)]
  6861 | D:7      | 6861 ||| READING scroll of teleportation.
  6861 | D:7      | Killed from afar by an acid dragon

Levels and vault maps discovered:
D:1:      kennysheep_arrival_seaside, layout_rooms, basic_ecumenical_altar
D:2:      layout_loops_ring
D:3:      layout_rooms
D:4:      layout_loops_corners, chequers_temple_overflow_minitemple,
          kennysheep_small_spiral
D:5:      layout_loops_corners, serial_shops, shop
D:6:      layout_basic, mainiacjoe_overflow_brackets, minmay_temple_entry_glass
D:7:      layout_loops_ring, gammafunk_ghost_abyssal_escape, uniq_pikel
Temple:   nicolae_temple_bog_church

Skill      XL: |  1  2  3  4  5  6  7  8 |
---------------+-------------------------+-----
Axes           | 3 4 6 7 9 10 | 10.0
Armour         | 3 |  3.0
Fighting       | 3 4 |  4.3
Throwing       | |  1.0
Dodging        | |  2.8
Spellcasting   | |  2.0
Translocations | |  2.4

Action                   |  1- 3 |  4- 6 |  7- 9 || total
-------------------------+-------+-------+-------++-------
Melee: Hand axe          |    88 |    86 |   112 ||   286
       Kick              |    16 |    20 |    34 ||    70
       Peck              |    13 |    15 |    15 ||    43
       Punch             |     1 |       |     1 ||     2
       War axe           |       |       |    24 ||    24
Throw: Boomerang         |     7 |       |       ||     7
  Use: Scroll            |     4 |     3 |    13 ||    20
       Potion            |       |     2 |     3 ||     5
Armor: Leather armour    |    27 |       |       ||    27
       Chain mail        |     1 |    29 |    51 ||    81
Dodge: Dodged            |    35 |    19 |    37 ||    91

Table legend:
 A = Non-vault XP
 B = Vault XP
 C = Vault XP percentage of total XP
 D = Non-vault monster count
 E = Vault monster count
 F = Vault count percentage of total count
                 A         B        C        D         E       F
            +---------+---------+-------+---------+---------+-------
      Total |    1908 |       0 |   0.0 |     120 |       0 |   0.0
            +---------+---------+-------+---------+---------+-------
        D:1 |      40 |       0 |   0.0 |      25 |       0 |   0.0
        D:2 |      40 |       0 |   0.0 |      20 |       0 |   0.0
        D:3 |      41 |       0 |   0.0 |      11 |       0 |   0.0
        D:4 |     497 |       0 |   0.0 |      23 |       0 |   0.0
        D:5 |     611 |       0 |   0.0 |      22 |       0 |   0.0
        D:6 |     227 |       0 |   0.0 |       7 |       0 |   0.0
        D:7 |     452 |       0 |   0.0 |      12 |       0 |   0.0
            +---------+---------+-------+---------+---------+-------
